 Dungeon Crawl Stone Soup version 0.30.0-5-g1a98f26d00 (webtiles) character file.

Game seed: 13007019843875620841

20093 zlionsfan the Skirmisher (level 12, -1/97 HPs)
             Began as a Demonspawn Hunter on May 10, 2023.
             Was an Elder of Makhleb.
             Slain by a dire elephant simulacrum (17 damage)
             ... in an ice cave.
             The game lasted 01:03:15 (11406 turns).

zlionsfan the Skirmisher (Demonspawn Hunter)       Turns: 11406, Time: 01:03:15

Health: -1/97      AC: 14    Str: 12    XL:     12   Next: 42%
Magic:  12/12      EV: 14    Int: 11    God:    Makhleb [****..]
Gold:   510        SH:  0    Dex: 31    Spells: 11/11 levels left

rFire   . . .        b - +2 shortbow (flame)
rCold   . . .        (shield currently unavailable)
rNeg    . . .        h - +2 ring mail of Slovenliness {Fly Dex+4 SInv Stlth+}
rPois   .            U - +0 helmet
rElec   .            O - +2 cloak
rCorr   +            M - +0 pair of gloves
SInv    +            i - +1 pair of boots
Will    .....        A - amulet of the acrobat
Stlth   ++++         w - +6 ring of dexterity
HPRegen 0.36/turn    d - ring of resist corrosion
MPRegen 0.13/turn

%: acrobat
@: flying, constricted
A: ignite blood 1, powered by death 1, sturdy frame 2, weakness stinger 1
a: Renounce Religion, Minor Destruction, Lesser Servant of Makhleb, Major
Destruction


You were in an ice cave.
You worshipped Makhleb.
Makhleb was greatly pleased with you.
You visited 3 branches of the dungeon, and saw 15 of its levels.
You also visited: Ice Cave.

You collected 1020 gold pieces.
You spent 510 gold pieces at shops.

Inventory:

Hand Weapons
 a - a +3 dagger of freezing
 b - a +2 shortbow of flaming (weapon)
 c - a +0 long sword of flaming
 P - a +4 dagger
Missiles
 z - 4 javelins
 G - 2 throwing nets
 H - 6 curare-tipped darts
Armour
 h - the +2 ring mail of Slovenliness (worn) {Fly Dex+4 SInv Stlth+}
   (You found it on level 10 of the Dungeon)

   Dex:       It affects your dexterity (+4).
   SInv:      It lets you see invisible.
   Fly:       It grants you flight.
   Stlth:     It makes you more stealthy.
 i - a +1 pair of boots (worn)
 M - a +0 pair of gloves (worn)
 O - a +2 cloak (worn)
 U - a +0 helmet (worn)
Magical Staves
 m - the staff of cold "Xopie" {Fly rElec rC+ rCorr Int-3 Dex+3}
   (You found it on level 2 of the Dungeon)

   [staff of cold]

   Base accuracy: +5 Base damage: 5 Base attack delay: 1.2 This weapon's minimum
   attack delay (0.6) is reached at skill level 12.
   Int:       It affects your intelligence (-3).
   Dex:       It affects your dexterity (+3).
   rC:        It protects you from cold.
   rElec:     It insulates you from electricity.
   Fly:       It grants you flight.
   rCorr:     It protects you from acid and corrosion.
   It falls into the 'Staves' category.
   It is a one-handed weapon.
Jewellery
 d - a ring of resist corrosion (right hand)
 f - an amulet of guardian spirit
 k - a ring of willpower
 q - a ring of see invisible
 t - a ring of ice
 w - a +6 ring of dexterity (left hand)
 A - an amulet of the acrobat (around neck)
 B - a ring of wizardry
 E - a +6 ring of strength
 K - a ring of flight
 L - a ring of willpower
Wands
 o - a wand of paralysis (1)
 s - a wand of flame (75)
 D - a wand of acid (5)
 N - a wand of roots (4)
 V - a wand of digging (2)
Scrolls
 e - 2 scrolls of immolation
 l - 2 scrolls of fog
 u - 5 scrolls of blinking
 v - a scroll of butterflies
 y - 6 scrolls of vulnerability
 F - 2 scrolls of teleportation
 I - 2 scrolls of poison
 J - 3 scrolls of silence
 S - 3 scrolls of magic mapping
Potions
 g - 2 potions of heal wounds
 j - a potion of degeneration {unknown}
 n - 2 potions of curing
 p - 2 potions of flight
 r - 2 potions of lignification
 x - 4 potions of magic
 C - a potion of ambrosia
 Q - a potion of mutation
 R - a potion of attraction {unknown}
 T - a potion of brilliance {unknown}


   Skills:
 * Level 9.6 Fighting
 * Level 6.4 Short Blades
 + Level 0.3(3.9) Long Blades
 * Level 14.8 Ranged Weapons
 + Level 1.5 Armour
 + Level 5.3 Dodging
 + Level 3.5 Stealth
 + Level 0.2 Evocations


You had 11 spell levels left.
You didn't know any spells.
Your spell library contained the following spells:

 Spells                   Type           Power      Damage    Failure   Level
 Cigotuvi's Dreadful Rot  Necr/Pois/Air  0%         N/A       52%         2
 Ignite Poison            Fire/Tmut/Pois 0%         N/A       77%         3
 Inner Flame              Hex/Fire       0%         N/A       77%         3
 Portal Projectile        Hex/Tloc       0%         N/A       77%         3
 Tukima's Dance           Hex            0%         N/A       77%         3
 Blade Hands              Tmut           0%         N/A       100%        5
 Freezing Cloud           Conj/Ice/Air   0%         6-21      100%        5
 Yara's Violent Unravell  Hex/Tmut       0%         3d3       100%        5
 Enfeeble                 Hex            0%         N/A       100%        7
 Borgnjor's Revivificati  Necr           0%         N/A       100%        8
 Necromutation            Tmut/Necr      0%         N/A       100%        8
 Death's Door             Necr           0%         N/A       100%        9


Dungeon Overview and Level Annotations

Branches:
Dungeon (11/15)            Temple (1/1) D:6            Lair (3/5) D:8
  Snake (0/4) Lair:3          Orc (0/2) D:10          IceCv (1/1)
  Swamp: Lair:2-3    Shoals: Lair:2-3

Altars:
Ashenzari
Cheibriados
Dithmenos
Fedhas
Gozag
Hepliaklqana
Kikubaaqudgha
Makhleb
Nemelex Xobeh
Okawaru
Qazlal
Ru
Sif Muna
Trog
Uskayaw
Vehumet
Wu Jian
Xom
Yredelemnul

Shops:
D:1 ?   D:7 =   D:10 ?

Annotations:
D:2 1 runed translucent door, Crazy Yiuf


Innate Abilities, Weirdness & Mutations

Your demonic aura sometimes causes spilled blood to erupt in flames.
You regenerate a little health from kills.
Your movements are less encumbered by armour. (ER -4)
You have a small tail.


Message History

* * * LOW HITPOINT WARNING * * *
The anaconda simulacrum constricts you.
* * * LOW HITPOINT WARNING * * *
You feel much better. The anaconda simulacrum misses you.
The anaconda simulacrum constricts you.
The anaconda simulacrum closely misses you.
The anaconda simulacrum constricts you.
You shoot an arrow.
The arrow closely misses the anaconda simulacrum.
The anaconda simulacrum barely misses you.
The anaconda simulacrum constricts you.
The dire elephant simulacrum tramples you but does no damage.
The dire elephant simulacrum trunk-slaps you but does no damage.
The white ugly thing completely misses you.
You shoot an arrow. The arrow hits the anaconda simulacrum!
The arrow melts the anaconda simulacrum.
The anaconda simulacrum is severely damaged.
The anaconda simulacrum bites you. The anaconda simulacrum freezes you!!
* * * LOW HITPOINT WARNING * * *
The anaconda simulacrum constricts you.
* * * LOW HITPOINT WARNING * * *
The white ugly thing claws you but does no damage.
The dire elephant simulacrum tramples you.
* * * LOW HITPOINT WARNING * * *
You are held in place!
The dire elephant simulacrum barely misses you.
You feel much better.
The anaconda simulacrum closely misses you.
The anaconda simulacrum constricts you.
* * * LOW HITPOINT WARNING * * *
The anaconda simulacrum bites you but does no damage.
The anaconda simulacrum constricts you.
* * * LOW HITPOINT WARNING * * *
The white ugly thing closely misses you.
You feel much better. The wolf simulacrum barely misses you.
The anaconda simulacrum bites you! The anaconda simulacrum freezes you!!
* * * LOW HITPOINT WARNING * * *
The anaconda simulacrum constricts you.
The dire elephant simulacrum tramples you!
You die...

### ...###
......#
.......##
........##
.8.......#
......Z..#
$....Zu@∩#
......ZZ.#
.8.......#
........##
.......##
......#
...### ###


You could see a white ugly thing, an anaconda simulacrum, 2 wolf simulacra and a
dire elephant simulacrum.

Vanquished Creatures
  A hydra (Lair:3)
  A two-headed ogre (D:8)
  An oklob plant (Lair:2)
  2 black mambas
  3 torpor snails
  4 cane toads
  2 rime drakes (Lair:2)
  A kobold demonologist (D:10)
  Maggie (Lair:1)
  5 komodo dragons
  A polar bear (Lair:2)
  3 trolls
  A hornet (Lair:1)
  10 blink frogs
  2 dream sheep (Lair:1)
  Sigmund (D:2)
  A wraith (D:10)
  A wyvern (D:7)
  15 yaks
  Grum (D:10)
  Menkaure (D:5)
  2 acid dragons
  9 water moccasins
  3 orc warriors
  9 black bears
  3 ogres
  11 wolves
  3 centaurs
  3 phantoms
  4 kobold brigands
  13 bullfrogs
  A cane toad simulacrum (Lair:3)
  6 scorpions
  3 gnoll sergeants
  4 wights (D:8)
  An elephant simulacrum (Lair:3)
  A troll zombie (D:10)
  4 howler monkeys
  An electric eel (Lair:1)
  A bullfrog zombie (D:4)
  2 lava snakes (D:10)
  8 orc priests
  A centaur skeleton (D:4)
  3 hounds
  2 jellies
  2 sleepcaps (D:6)
  A scorpion zombie (D:4)
  Ijyb (D:3)
  Natasha (twice) (D:2)
  An iguana (D:6)
  8 orc wizards
  2 polar bear simulacra (Lair:3)
  5 ogre zombies (D:10)
  A hound skeleton (D:4)
  Robin (D:3)
  14 gnolls
  5 adders
  2 shadow imps
  An adder skeleton (D:4)
  2 worms (D:2)
  2 dart slugs
  42 orcs
  10 ball pythons
  3 bats
  12 endoplasms
  2 giant cockroaches
  16 goblins
  13 hobgoblins
  3 jackals (D:1)
  3 quokkas
  3 frilled lizards (D:1)
  A goblin skeleton (D:10)
  5 goblin zombies (D:10)
  A hobgoblin skeleton (D:10)
  28 kobolds
  3 orc skeletons (D:10)
  9 orc zombies (D:10)
  2 rats (D:1)
362 creatures vanquished.

Notes
Turn   | Place    | Note
-------+----------+-------------------------------------------
     0 | D:1      | zlionsfan the Demonspawn Hunter began the quest for the
                  | Orb.
     0 | D:1      | Reached XP level 1. HP: 16/16 MP: 1/1
   132 | D:1      | Reached skill level 4 in Ranged Weapons
   147 | D:1      | Gained mutation: Your demonic aura sometimes causes spilled
                  | blood to erupt in flames. [demonic ancestry]
   147 | D:1      | Reached XP level 2. HP: 22/22 MP: 2/2
   394 | D:1      | Found The Oracle's Delphic Readings.
   589 | D:1      | Reached XP level 3. HP: 27/27 MP: 3/3
   606 | D:1      | Found a faded altar of an unknown god.
   747 | D:2      | Noticed Sigmund
   988 | D:2      | Identified the staff of cold "Xopie" {Fly rElec rC+ rCorr
                  | Int-3 Dex+3}
  1285 | D:1      | Bought a scroll of brand weapon for 95 gold pieces
  1344 | D:2      | Killed Sigmund
  1345 | D:2      | Reached skill level 1 in Short Blades
  1345 | D:2      | Reached skill level 5 in Ranged Weapons
  1345 | D:2      | Reached skill level 1 in Armour
  1345 | D:2      | Reached skill level 1 in Stealth
  1345 | D:2      | Gained mutation: You regenerate a little health from kills.
                  | [demonic ancestry]
  1345 | D:2      | Reached XP level 4. HP: 34/34 MP: 4/4
  1345 | D:2      | Reached XP level 5. HP: 39/39 MP: 5/5
  1361 | D:2      | Noticed Natasha
  1362 | D:2      | Killed Natasha
  1591 | D:2      | Noticed Natasha
  1594 | D:2      | Killed Natasha
  1595 | D:2      | Gained mutation: Your movements are slightly less
                  | encumbered by armour. (ER -2) [demonic ancestry]
  1595 | D:2      | Reached XP level 6. HP: 46/46 MP: 6/6
  1643 | D:2      | Found a runed translucent door.
  1644 | D:2      | Noticed Crazy Yiuf
  1945 | D:3      | Noticed Robin
  1950 | D:3      | Killed Robin
  2033 | D:3      | Reached skill level 6 in Ranged Weapons
  2443 | D:3      | Noticed Ijyb
  2459 | D:3      | Killed Ijyb
  2718 | D:4      | Reached XP level 7. HP: 13/52 MP: 3/7
  3141 | D:4      | Identified the +0 robe "Xyicar" {Str+3}
  3192 | D:4      | Reached skill level 7 in Ranged Weapons
  3410 | D:5      | Entered Level 5 of the Dungeon
  3639 | D:5      | Noticed Menkaure
  3642 | D:5      | Killed Menkaure
  3756 | D:5      | Reached XP level 8. HP: 61/61 MP: 8/8
  4000 | D:5      | Reached skill level 8 in Ranged Weapons
  4319 | D:6      | Reached skill level 5 in Fighting
  4503 | D:6      | Reached skill level 9 in Ranged Weapons
  4675 | D:6      | Gained mutation: Your movements are less encumbered by
                  | armour. (ER -4) [demonic ancestry]
  4675 | D:6      | Reached XP level 9. HP: 60/68 MP: 9/9
  4691 | D:6      | You fall into a shaft and drop 1 floor!
  4812 | D:6      | Found a staircase to the Ecumenical Temple.
  4833 | Temple   | Entered the Ecumenical Temple
  4950 | Temple   | Became a worshipper of Makhleb the Destroyer
  5303 | D:7      | Found Sottypt's Jewellery Emporium.
  5312 | D:7      | Bought a ring of flight for 245 gold pieces
  5393 | D:7      | Found a sacrificial altar of Ru.
  5394 | D:7      | Found a snail-covered altar of Cheibriados.
  5395 | D:7      | Found an iron altar of Okawaru.
  5395 | D:7      | Found a sparkling altar of Nemelex Xobeh.
  6021 | D:7      | Reached skill level 10 in Ranged Weapons
  6269 | D:8      | Reached * piety under Makhleb
  6414 | D:8      | Found a staircase to the Lair.
  6450 | D:8      | Noticed a two-headed ogre
  6458 | D:8      | Killed a two-headed ogre
  6459 | D:8      | Reached XP level 10. HP: 42/77 MP: 10/10
  6991 | D:9      | Reached skill level 11 in Ranged Weapons
  7444 | D:9      | Noticed a gargoyle
  7664 | D:9      | Reached skill level 5 in Short Blades
  8109 | D:10     | Entered Level 10 of the Dungeon
  8202 | D:10     | Reached skill level 12 in Ranged Weapons
  8260 | D:10     | Found Zuatrige's Magic Scroll Shoppe.
  8263 | D:10     | Bought a scroll of identify for 22 gold pieces
  8263 | D:10     | Bought a scroll of identify for 22 gold pieces
  8263 | D:10     | Bought a scroll of identify for 22 gold pieces
  8263 | D:10     | Bought a scroll of identify for 22 gold pieces
  8263 | D:10     | Bought a scroll of enchant weapon for 82 gold pieces
  8289 | D:10     | Reached ** piety under Makhleb
  8385 | D:10     | Found a staircase to the Orcish Mines.
  8460 | D:10     | Reached XP level 11. HP: 85/85 MP: 11/11
  8501 | D:10     | Noticed Grum
  8506 | D:10     | Killed Grum
  8537 | D:10     | Identified the +2 ring mail of Slovenliness {Fly Dex+4 SInv
                  | Stlth+}
  9101 | Lair:1   | Entered Level 1 of the Lair of Beasts
  9170 | Lair:1   | Reached *** piety under Makhleb
  9234 | Lair:1   | Reached skill level 13 in Ranged Weapons
  9619 | Lair:1   | Noticed Maggie
  9627 | Lair:1   | Killed Maggie
  9997 | Lair:2   | Found a sparkling altar of Nemelex Xobeh.
 10005 | Lair:2   | Noticed an oklob plant
 10726 | Lair:2   | Killed an oklob plant
 10727 | Lair:2   | Reached skill level 14 in Ranged Weapons
 10797 | Lair:2   | Gained mutation: You have a small tail. [demonic ancestry]
 10797 | Lair:2   | Reached XP level 12. HP: 95/95 MP: 12/12
 10984 | Lair:2   | Reached skill level 5 in Dodging
 10999 | Lair:2   | Identified the +1 chain mail of Sunlight {rN+ Int+3}
 11072 | Lair:2   | You are sucked into a shaft and drop 1 floor!
 11072 | Lair:3   | Noticed a six-headed hydra
 11077 | Lair:3   | HP: 4/96 [five-headed hydra (12)]
 11083 | Lair:3   | Killed a two-headed hydra
 11251 | Lair:3   | Found a staircase to the Snake Pit.
 11298 | Lair:3   | Found a snail-covered altar of Cheibriados.
 11378 | Lair:3   | Reached **** piety under Makhleb
 11380 | Lair:3   | Found a frozen archway.
 11395 | IceCv    | Entered an ice cave
 11406 | IceCv    | Slain by a dire elephant simulacrum

Illustrated notes

Levels and vault maps discovered:
D:1:      minmay_arrival_jagged, layout_basic,
          shapermc_ecumenical_altar_mp_ritualfount, amcnicky_mini_pool_small,
          nicolae_nh_oracle_at_delphi
D:2:      layout_loops_cross, uniq_crazy_yiuf_cottage, uniq_sigmund,
          uniq_natasha
D:3:      layout_basic, uniq_robin, uniq_ijyb
D:4:      layout_rooms, serial_undead, serial_undead_f, serial_undead_d,
          serial_undead_e, serial_undead_c, minmay_misc_feat_x
D:5:      layout_loops_ring, st_stairs_6, lightli_minifort, uniq_menkaure
D:6:      layout_rooms, minmay_temple_entry_wispy
D:7:      layout_basic, mainiacjoe_overflow_alcove_3, serial_shops,
          nicolae_shop_peninsula, kennysheep_diamond
D:8:      layout_loops_ring, lair_entry_dummy
D:9:      layout_basic, minmay_stone_trees_small, minmay_between
D:10:     layout_basic, zombieorc1_lemuel, serial_shops, kennysheep_mini,
          kennysheep_pointless_box, uniq_grum
D:11:     layout_basic, uniq_psyche
Temple:   nicolae_temple_two_arcs
Lair:1:   layout_hall_layers, amcnicky_mini_pool_medium, grunt_megastairs_4,
          serial_bayou_shore_b, uniq_maggie
Lair:2:   nzn_winding_woodlands_huge [nzn_winding_woodlands_5x15_twine,
          nzn_winding_woodlands_5x15_sawtooth,
          nzn_winding_woodlands_5x15_garden, nzn_winding_woodlands_5x15_zeroes,
          nzn_winding_woodlands_5x15_river_crossing,
          nzn_winding_woodlands_5x15_sidewinder,
          nzn_winding_woodlands_5x15_longhouse,
          nzn_winding_woodlands_5x15_default, nzn_winding_woodlands_5x15_eye,
          nzn_winding_woodlands_5x15_lazy_stream,
          nzn_winding_woodlands_center_diamonds,
          nzn_winding_woodlands_center_triple_pond,
          nzn_winding_woodlands_15x15_five_gardens], layout_regular_city,
          lemuel_oklob_altar
Lair:3:   beast_lair_carwin_large_3, layout_chaotic_city,
          minmay_shoals_entry_centaurs, dummy_snake_entry,
          portal_ice_cave_entry_ice_simulacra, pdpol_lair_neglected_garden,
          kennysheep_snail_temple
IceCv:    ice_cave_statue_garden_transporter

Skill      XL: |  1  2  3  4  5  6  7  8  9 10 11 12 |
---------------+-------------------------------------+-----
Ranged Weapons | 4 5 6 7 9 10 12 14 | 14.8
Dodging        | 2 3 4 5 |  5.3
Short Blades   | 1 2 3 4 5 6 |  6.4
Armour         | 1 |  1.5
Stealth        | 1 2 3 |  3.5
Fighting       | 3 4 5 6 7 9 |  9.6
Long Blades    | |  0.3
Evocations     | |  0.2

Action                     |  1- 3 |  4- 6 |  7- 9 | 10-12 || total
---------------------------+-------+-------+-------+-------++-------
  Melee: Dagger            |    97 |    73 |   176 |    36 ||   382
         Punch             |     1 |     2 |     7 |     1 ||    11
         Long sword        |       |       |       |     8 ||     8
         Tailslap          |       |       |       |     4 ||     4
   Fire: Shortbow          |    68 |    90 |   280 |   611 ||  1049
  Evoke: Wand              |     1 |     1 |     3 |       ||     5
    Use: Scroll            |     1 |       |    10 |    15 ||    26
         Potion            |       |       |     1 |     6 ||     7
   Stab: Paralysed         |     4 |     1 |     1 |       ||     6
 Armour: Leather armour    |    33 |    25 |    77 |    27 ||   162
         Ring mail         |       |       |       |    55 ||    55
  Dodge: Dodged            |    50 |    60 |   149 |   216 ||   475
